 Dungeon Crawl Stone Soup version 0.18.1-8-gdd0e5ea (webtiles) character file.

493 georgeearnest the Ruffian (level 7, -3/57 (60) HPs)
             Began as a Ghoul Monk on May 22, 2016.
             Slain by an elf zombie (5 damage)
             ... in an ossuary.
             The game lasted 00:13:47 (4115 turns).

georgeearnest the Ruffian (Ghoul Monk)              Turns: 4115, Time: 00:13:48

HP:   -3/57 (60)    AC:  2    Str: 15    XL:     7   Next: 15%
MP:   6/6           EV:  9    Int:  5    God:
Gold: 157           SH:  0    Dex: 13    Spells: 0 memorised, 6 levels left

rFire  + . .     SeeInvis .       - Unarmed
rCold  + . .     Gourm    .     a - +0 robe
rNeg   + + +     Faith    .     (no shield)
rPois  ∞         Spirit   .     (no helmet)
rElec  .         Dismiss  .     (no cloak)
rCorr  .         Reflect  .     (no gloves)
SustAt .         Harm     .     (no boots)
MR     .....                    (no amulet)
Stlth  ++........               (no ring)
                                d - ring of protection from fire

@: rotting, not resistant to hostile enchantments, unstealthy
A: rotting body, claws 1, carnivore 3, cold resistance 1, negative energy
resistance 3, slow regeneration 1, torment resistance, unbreathing
a: no special abilities


You were in an ossuary.
You were not hungry.

You visited 1 branch of the dungeon, and saw 4 of its levels.
You also visited: Ossuary.

You collected 157 gold pieces.

Inventory:

Armour
 a - a +0 robe (worn)
Jewellery
 d - a ring of protection from fire (left claw)
Scrolls
 e - a scroll of magic mapping {unknown}
 f - a scroll of noise
 k - 2 scrolls of teleportation {unknown}
 l - 2 scrolls of remove curse {unknown}
Comestibles
 b - a meat ration
 g - 2 royal jellies


   Skills:
 + Level 4.7 Fighting
 + Level 5.5 Dodging
 + Level 2.4 Stealth
 + Level 6.0 Unarmed Combat


You had 6 spell levels left.
You didn't know any spells.

Dungeon Overview and Level Annotations

Branches:
Dungeon (4/15)
 Temple: D:4-7

Altars:
Zin
The Shining One

Annotations:
D:2 Sigmund
D:4 georgeearnest's ghost, amateur DrWn


Innate Abilities, Weirdness & Mutations

Your body is rotting away.
You thrive on raw meat.
You are immune to poison.
You have sharp fingernails.
You are carnivorous and can eat meat at any time.
Your flesh is cold resistant.
You are immune to negative energy.
You regenerate slowly when monsters are visible.
You are immune to unholy pain and torment.
You can survive without breathing.


Message History

The adder zombie misses you. The adder zombie bites you.
* * * LOW HITPOINT WARNING * * *
You start to feel less resistant.
The adder zombie misses you. The goblin zombie misses you.
The goblin zombie closely misses you.
Your resistance to elements expires.
There are no items here.
The adder zombie bites you.
* * * LOW HITPOINT WARNING * * *
The adder zombie bites you.
* * * LOW HITPOINT WARNING * * *
There is an empty arch of ancient stone here.
You feel your flesh rotting away.
There is a gate leading back out of this place here.
Unknown command.
The adder zombie bites you.
* * * LOW HITPOINT WARNING * * *
The elf zombie hits you.
You die...

######################
#.......Z@Z.∩Z.......#
#............Z.......#
#..Z...########......#
#...####...Z+ ####...#
#..##.....Z.# #.##..#
#..#∩.#####.####..'..#
#..## #......##..#
#...#### #...####...#
#......########......#


You could see an adder zombie, a rat zombie, 2 goblin zombies and an elf zombie.

Vanquished Creatures
  An elf zombie (Ossuary)
  A giant frog (D:3)
  2 centaur zombies (Ossuary)
  An orc priest (D:3)
  2 orc wizards (D:3)
  Terence (D:3)
  A hound zombie (Ossuary)
  5 adders
  3 gnolls (D:3)
  2 oozes
  3 adder zombies (Ossuary)
  A worm (D:3)
  2 dart slugs
  11 orcs
  A ball python (D:3)
  5 bats
  5 giant cockroaches
  4 goblins
  6 jackals
  7 giant newts
  A gnoll zombie (Ossuary)
  2 goblin zombies (Ossuary)
  2 jackal zombies (Ossuary)
  5 kobolds (D:3)
  2 kobold zombies (Ossuary)
  2 quokka zombies (Ossuary)
  3 rats
  2 rat zombies (Ossuary)
83 creatures vanquished.

Notes
Turn   | Place    | Note
--------------------------------------------------------------
     0 | D:1      | georgeearnest the Ghoul Monk began the quest for the Orb.
     0 | D:1      | Reached XP level 1. HP: 19/19 MP: 0/0
    80 | D:1      | Reached XP level 2. HP: 12/25 MP: 1/1
   548 | D:1      | Reached XP level 3. HP: 24/30 MP: 2/2
   573 | D:1      | Reached skill level 5 in Unarmed Combat
  1209 | D:2      | Reached XP level 4. HP: 32/39 MP: 3/3
  1271 | D:2      | Noticed Sigmund
  1542 | D:3      | Reached XP level 5. HP: 26/46 MP: 4/4
  1763 | D:3      | Noticed Terence
  1903 | D:3      | Killed Terence
  2400 | D:3      | Reached XP level 6. HP: 13/53 MP: 5/5
  2582 | D:3      | Found a glowing golden altar of the Shining One.
  2867 | D:3      | Reached skill level 5 in Dodging
  2901 | D:3      | Found a glowing silver altar of Zin.
  3085 | D:4      | Noticed georgeearnest's ghost (amateur DrWn)
  3248 | D:4      | Found a sand-covered staircase.
  3258 | Ossuary  | Entered an ossuary
  3725 | Ossuary  | Reached skill level 6 in Unarmed Combat
  3725 | Ossuary  | Reached XP level 7. HP: 8/59 MP: 6/6
  4115 | Ossuary  | HP: 2/57 [adder zombie (3)]
  4115 | Ossuary  | Slain by an elf zombie

Skill      XL: |  1  2  3  4  5  6 |
---------------+-------------------+-----
Dodging        | 3 4 5 |  5.5
Unarmed Combat | 5 6 |  6.0
Fighting       | 4 |  4.7
Stealth        | |  2.4

Action                   |  1- 3 |  4- 6 |  7- 9 || total
-------------------------+-------+-------+-------++-------
Melee: Unarmed           |    73 |   243 |    34 ||   350
       Punch             |     1 |     8 |       ||     9
  Use: Potion            |       |    14 |     1 ||    15
       Scroll            |       |       |     2 ||     2
 Stab: Sleeping          |       |     4 |     3 ||     7
  Eat: Chunk             |     2 |    12 |       ||    14
       Meat ration       |       |       |     1 ||     1
Armor: Robe              |    15 |    37 |     1 ||    53
Dodge: Dodged            |    45 |   169 |    21 ||   235
